AoeStats
← Dr. Brows

MegaRandom

503786274Analyzed
3v3 RM · 1mo ago on Sep 2, 2026· 29m 5s· 6 players
Game mode
Random Map
Map size
Normal (6 player)
Population
200
Speed
Normal
Resources
Standard
Victory
Conquest
Starting age
Dark Age
Ending age
Imperial Age
RankedLock teamsTeams togetherTeam positionsShared explorationLock speedFull tech treeHidden civsTurbo modeCheats
Victory
Defeat
🇮🇳 Magyars · India
868
+13
864
+13
🇮🇳 Hindustanis · India
852
+14
🇮🇹 Inca · Italy
831
-15
🇭🇰 Persians · Hong Kong SAR China
796
-13
🇺🇸 Lithuanians · United States
788
-13
Peppe_04
10:04 Feudal Age
11:27 Champi Runner
13:09 Horse Collar
13:20 Double-Bit Axe
14:05 Loom
23:03 Castle Age
23:30 Scale Mail Armor
23:44 Forging
24:00 Champi Warrior
24:42 Squires
$impnationri$eup
0:29 Loom
10:10 Feudal Age
22:30 Castle Age
20:24 Stone Mining
20:23 Double-Bit Axe
20:36 Gold Mining
22:43 Forging
24:08 Pikeman
triplefives
7:04 Loom
10:36 Feudal Age
11:48 Wheelbarrow
11:21 Double-Bit Axe
14:39 Horse Collar
18:57 Castle Age
17:14 Gold Mining
17:58 Stone Mining
19:12 Forging
26:25 Husbandry
26:54 Squires
26:51 Pikeman
Dr. Brows
7:39 Loom
9:43 Feudal Age
11:21 Double-Bit Axe
14:42 Forging
18:13 Castle Age
19:25 Wheelbarrow
18:32 Horse Collar
18:46 Stone Mining
19:27 Bloodlines
19:19 Husbandry
19:46 Gold Mining
23:39 Scale Mail Armor
25:12 Bow Saw
27:50 Heavy Plow
29:51 Iron Casting
Father Mike Fernandes SJ
7:32 Loom
9:40 Feudal Age
10:17 Double-Bit Axe
13:26 Fletching
19:05 Castle Age
19:04 Padded Archer Armor
19:25 Crossbowman
20:49 Horse Collar
22:24 Bodkin Arrow
24:14 Wheelbarrow
26:19 Ballistics
28:14 Thumb Ring
29:22 Hand Cart
Aboubakar
7:32 Loom
9:30 Feudal Age
10:50 Double-Bit Axe
18:26 Horse Collar
21:14 Castle Age
19:35 Gold Mining
20:41 Scale Barding Armor
22:52 Bow Saw
25:17 Wheelbarrow
27:22 Hand Cart
27:54 Town Watch
28:55 Town Patrol
Connection lost

Rejoining the realm…

Still unreachable

The connection could not be restored.

Session expired

The server has moved on; the page needs a fresh start.